 Dungeon Crawl Stone Soup version 0.29.1-1-gd02db6906a (webtiles) character file.

Game seed: 12690927201338882849

18 gzilladon the Chopper (level 2, -2/27 HPs)
             Began as a Hill Orc Monk on Sept 26, 2022.
             Slain by a kobold brigand
             ... wielding a +0 club
              (4 damage)
             ... on level 3 of the Dungeon.
             The game lasted 00:03:40 (1099 turns).

gzilladon the Chopper (Hill Orc Monk)               Turns: 1099, Time: 00:03:42

Health: -2/27      AC:  6    Str: 13    XL:     2   Next: 70%
Magic:  2/2        EV: 11    Int: 10    God:
Gold:   34         SH:  0    Dex: 13    Spells: 1/1 levels left

rFire   . . .      SeeInvis .   a - +0 hand axe
rCold   . . .      Faith    .   (no shield)
rNeg    . . .      Spirit   .   h - +0 ring mail
rPois   .          Reflect  .   (no helmet)
rElec   .          Harm     .   (no cloak)
rCorr   .          Rampage  .   e - +0 pair of gloves
Will    .....                   (no boots)
Stlth   +.........              (no amulet)
HPRegen 0.09/turn               (no ring)
MPRegen 0.08/turn               (no ring)

@: lethally poisoned (-2 -> -8), slowed, very slow
A: no striking features
a: no special abilities


You were on level 3 of the Dungeon.
You visited 1 branch of the dungeon, and saw 3 of its levels.

You collected 34 gold pieces.

Inventory:

Hand Weapons
 a - a +0 hand axe (weapon)
 f - a +4 dagger of holy wrath
Missiles
 i - 11 stones (quivered)
Armour
 b - a +0 robe
 e - a +0 pair of gloves (worn)
 h - a +0 ring mail (worn)
Magical Staves
 k - a staff of earth
Scrolls
 j - a scroll of magic mapping {unknown}
 l - a scroll of poison {unknown}
Potions
 c - a potion of ambrosia
 d - a potion of haste {unknown}
 g - a potion of flight {unknown}


   Skills:
 + Level 3.7 Fighting
 * Level 4.8 Axes
 * Level 0.6 Armour
 + Level 2.5 Dodging
 - Level 1.5 Stealth


You had one spell level left.
You didn't know any spells.
Your spell library was empty.

Dungeon Overview and Level Annotations

Branches:
Dungeon (3/15)

Altars:


Message History

You hit the kobold but do no damage. The kobold hits you but does no damage.
You barely miss the kobold. The kobold misses you.
You hit the kobold.
The kobold is moderately wounded.
The kobold hits you but does no damage.
You closely miss the kobold.
The kobold is moderately wounded.
The kobold hits you but does no damage.
You hit the kobold.
You kill the kobold!
i - 11 stones (gained 5)
There is an open door here.
Things that are here:
a +0 club; a kobold corpse You see here a +0 club.
You close the door, pushing everything out of the way.
Things that are here:
a +0 club; a +0 club You start resting.
HP restored.
The kobold brigand shouts! x2; You hear a shout!
The kobold brigand throws a poisoned dart.
The poisoned dart closely misses you.
The kobold brigand throws a curare-tipped dart.
The curare-tipped dart hits you.
You are poisoned.
You have difficulty breathing.
You feel yourself slow down.
You feel very sick.
The kobold brigand throws a poisoned dart.
The poisoned dart hits you.
You are lethally poisoned!
* * * LOW HITPOINT WARNING * * *
You feel very sick.
You hit the kobold brigand but do no damage.
* * * LOW HITPOINT WARNING * * *
You feel sick. The kobold brigand misses you.
The kobold brigand hits you with a +2 dagger of speed.
* * * LOW HITPOINT WARNING * * *
The kobold brigand hits you with a +0 club.
You die...

##.....#
#####..~~~~~~
##)).## #......~~~~~
####'## ####.#####.#
##..))######### #.#
#.# ##....)........#
#.# #.#
##.......######.#
#.# #.#
.............# #.#
#.# #..
###..<....K#.###.#
#.# ###
##......K@.....###.#
#
##....###)........#
# ####.# ###########
# #.# # #.# # #.#


You could see 2 kobold brigands.

Vanquished Creatures
  An orc (D:3)
  2 goblins
  4 hobgoblins (D:3)
  A ball python (D:3)
  A bat (D:1)
  5 kobolds
  2 rats (D:3)
16 creatures vanquished.

Notes
Turn   | Place    | Note
-------+----------+-------------------------------------------
     0 | D:1      | gzilladon the Hill Orc Monk began the quest for the Orb.
     0 | D:1      | Reached XP level 1. HP: 19/19 MP: 1/1
   468 | D:3      | Reached XP level 2. HP: 4/27 MP: 2/2
   822 | D:3      | Noticed a kobold brigand
   823 | D:3      | Noticed a kobold brigand
  1099 | D:3      | Slain by a kobold brigand

Illustrated notes

Levels and vault maps discovered:
D:1:      dpeg_arrival_boxes_within_box, layout_loops_ring, serial_shops,
          nicolae_shop_advertising_works [nicolae_subvault_shop_adworks],
          kennysheep_small_spiral
D:2:      layout_basic, minmay_pentomino_t4, uniq_crazy_yiuf_cottage
D:3:      cheibrodos_thug_alley, layout_loops_corners

Action                   || total
-------------------------++-------
Melee: Hand axe          ||    60
       Punch             ||     1
Armor: Robe              ||    10
       Ring mail         ||    15
Dodge: Dodged            ||    25
